 Dungeon Crawl Stone Soup version 0.27-a0-1180-g7fc4abc71e (webtiles) character file.

Game seed: 2316291199700584419

962071 Pagrax the Hoplite (level 27, -6/214 HPs)
             Began as a Deep Dwarf Fighter on May 17, 2021.
             Was the Champion of Makhleb.
             Mangled by the Serpent of Hell (14 damage)
             ... on level 7 of Cocytus.
             The game lasted 07:14:35 (74160 turns).

Pagrax the Hoplite (Deep Dwarf Fighter)            Turns: 74160, Time: 07:14:35

Health: -6/214     AC: 40    Str: 25    XL:     27
Magic:  11/11 (2)  EV: 25    Int:  9    God:    Makhleb [******]
Gold:   3067       SH: 29    Dex: 24    Spells: 31/58 levels left

rFire    + + +     SeeInvis .   A - +9 eveningstar (spect)
rCold    + + +     Faith    .   e - +1 kite shield {AC+3}
rNeg     + + +     Spirit   .   Y - +10 plate armour {rN+}
rPois    +         Reflect  +   T - +2 hat of the Raven {rC++ rN+ Int+2 Dex-3}
rElec    .         Harm     .   J - scarf {rC+ rF+}
rCorr    .         Rampage  +   H - +2 pair of gloves
Will     ++++.     Rnd*Rage +   v - +2 pair of boots {rampage} Stlth ..........Rnd*Tele +
                                b - amulet of reflection
HPRegen  0.00/turn              a - ring "Wywed" {Contam rF+++ rC- MP+9 Dex+9}
MPRegen  0.12/turn              R - ring of Anag {rC+ EV+4}

@: mighty, unable to read, on berserk cooldown, flying, hasted and slowed,
studying 2 skills
A: damage resistance, heal wounds, negative energy resistance 1, sense
surroundings 3, no regeneration, iridescent scales 1, large bone plates 1,
berserk 2, deformed body, dopey 2, frail 2, low mp 2, poison resistance,
screaming 2, teleportitis 1, wild magic 1, no potion heal 1, inability to read
while threatened
}: 10/15 runes: serpentine, barnacled, slimy, silver, abyssal, demonic, glowing,
magical, fiery, dark
a: Heal Wounds, Renounce Religion, Minor Destruction, Lesser Servant of Makhleb,
Major Destruction, Greater Servant of Makhleb


You were on level 7 of Cocytus.
You worshipped Makhleb.
Makhleb was exalted by your worship.
You visited 13 branches of the dungeon, and saw 59 of its levels.
You visited Pandemonium 1 time, and saw 10 of its levels.
You visited the Abyss 3 times.
You visited 1 bazaar.
You also visited: Trove, Bailey and Gauntlet.

You collected 10246 gold pieces.
You spent 7179 gold pieces at shops.

Inventory:

Hand Weapons
 m - the +8 demon whip of Valour {elec, rN+ Will+ Str+4}
   (You acquired it on level 11 of the Dungeon)

   Occasionally, upon striking a foe, it can discharge electrical energy and
   cause terrible harm.
   It affects your strength (+4).
   It protects you from negative energy.
   It increases your willpower.
 A - a +9 spectral eveningstar (weapon)
Armour
 e - a +1 kite shield of protection (worn)
 v - a +2 pair of boots of rampaging (worn)
 H - a +2 pair of gloves (worn)
 J - a scarf of resistance (worn)
 T - the +2 hat of the Raven (worn) {rC++ rN+ Int+2 Dex-3}
   (You found it in a treasure trove)

   It affects your intelligence (+2).
   It affects your dexterity (-3).
   It greatly protects you from cold.
   It protects you from negative energy.
 Y - a +10 plate armour of positive energy (worn)
Jewellery
 a - the ring "Wywed" (left hand) {Contam rF+++ rC- MP+9 Dex+9}
   (You acquired it on level 3 of the Dungeon)

   [ring of magical power]

   It affects your dexterity (+9).
   It renders you almost immune to fire.
   It makes you vulnerable to cold.
   It affects your magic capacity (+9).
   It causes magical contamination when unequipped.
 b - an amulet of reflection (around neck)
 D - the ring of Contentment {Ice Int+4 SInv}
   (You found it on level 5 of the Pits of Slime)

   [ring of ice]

   It enhances your ice magic.
   It affects your intelligence (+4).
   It makes you vulnerable to fire.
   It protects you from cold.
   It lets you see invisible.
 R - the ring of Anag (right hand) {rC+ EV+4}
   (You found it on level 4 of the Shoals)

   [ring of evasion]

   It affects your evasion (+4).
   It protects you from cold.
 V - the ring of Hoilui {Fly rElec}
   (You found it in Pandemonium)

   [ring of flight]

   It insulates you from electricity.
   It grants you flight.
Wands
 p - a wand of charming (30)
 t - a wand of paralysis (45)
 z - a wand of acid (29)
 C - a wand of iceblast (95)
 M - a wand of flame (104) (quivered)
 P - a wand of polymorph (28)
 Q - a wand of mindburst (101)
 W - a wand of digging (14)
Scrolls
 c - 4 scrolls of enchant weapon
 f - a scroll of silence
 h - a scroll of identify
 i - a scroll of blinking
 n - 16 scrolls of teleportation
 q - a scroll of summoning
 y - 6 scrolls of magic mapping
 B - 2 scrolls of enchant armour
 E - 6 scrolls of fear
 G - 9 scrolls of immolation
 I - 6 scrolls of fog
 K - 2 scrolls of amnesia
 Z - 4 scrolls of holy word
Potions
 d - a potion of might
 j - 3 potions of curing
 k - 22 potions of flight
 l - 8 potions of invisibility
 s - 2 potions of ambrosia
 u - 5 potions of brilliance
 F - 3 potions of berserk rage
 O - 7 potions of resistance
 S - 7 potions of cancellation
 U - 3 potions of magic
Miscellaneous
 g - a phial of floods
 o - a tin of tremorstones (inert)
 r - a box of beasts (inert)
 w - a piece from Xom's chessboard (15/15)
 x - a phantom mirror (inert)
 X - a lightning rod (4/4)


   Skills:
 - Level 20.0 Fighting
 + Level 21.0 Maces & Flails
 - Level 22.0 Armour
 + Level 19.2 Dodging
 - Level 2.0 Stealth
 - Level 25.0 Shields
 - Level 16.0 Spellcasting
 - Level 13.0 Hexes
 - Level 10.0 Necromancy
 - Level 10.0 Translocations
 + Level 7.6 Air Magic
 - Level 5.0 Earth Magic
 - Level 18.0 Invocations
 - Level 23.0 Evocations


You had 31 spell levels left.
You knew the following spells:

 Your Spells              Type           Power      Damage    Failure   Level
a - Blink                 Tloc           N/A        N/A       1%          2
b - Gell's Gravitas       Tloc           16%        N/A       3%          3
c - Slow                  Hex            39%        N/A       1%          2
d - Cause Fear            Hex            19%        N/A       3%          4
e - Passwall              Tmut/Erth      12%        N/A       26%         2
f - Swiftness             Air            27%        N/A       8%          3
g - Vampiric Draining     Necr           16%        2d8       3%          3
h - Teleport Other        Tloc           32%        N/A       3%          3
i - Silence               Hex/Air        16%        N/A       21%         5

Your spell library contained the following spells:

 Spells                   Type           Power      Damage    Failure   Level
 Animate Skeleton         Necr           64%        N/A       1%          1
 Corona                   Hex            43%        N/A       1%          1
 Pain                     Necr           100%       1d9       1%          1
 Sublimation of Blood     Necr           16%        N/A       1%          2
 Confusing Touch          Hex            39%        N/A       1%          3
 Portal Projectile        Hex/Tloc       72%        N/A       1%          3
 Corpse Rot               Necr/Air       N/A        N/A       3%          2
 Lesser Beckoning         Tloc           16%        N/A       3%          3
 Animate Dead             Necr           16%        N/A       10%         4
 Dispel Undead            Necr           32%        3d14      10%         4
 Passage of Golubria      Tloc           N/A        N/A       10%         4
 Dazzling Flash           Conj/Hex       48%        N/A       12%         3
 Inner Flame              Hex/Fire       24%        N/A       12%         3
 Summon Guardian Golem    Hex/Summ       24%        N/A       12%         3
 Leda's Liquefaction      Hex/Erth       15%        N/A       13%         4
 Poisonous Vapours        Pois/Air       36%        N/A       17%         2
 Agony                    Necr           32%        N/A       22%         5
 Excruciating Wounds      Necr           16%        N/A       22%         5
 Manifold Assault         Tloc           32%        N/A       22%         5
 Fulminant Prism          Conj/Hex       12%        3d9       32%         4
 Invisibility             Hex            39%        N/A       34%         6
 Beastly Appendage        Tmut           18%        N/A       43%         1
 Foxfire                  Conj/Fire      36%        2x1d5     43%         1
 Magic Dart               Conj           36%        1d4       43%         1
 Sting                    Tmut/Pois      36%        1d4       43%         1
 Summon Small Mammal      Summ           36%        N/A       43%         1
 Mephitic Cloud           Conj/Pois/Air  15%        N/A       45%         3
 Stone Arrow              Conj/Erth      30%        3d8       45%         3
 Iskenderun's Mystic Bla  Conj/Tloc      21%        2d6       50%         4
 Borgnjor's Vile Clutch   Necr/Erth      13%        N/A       50%         5
 Call Imp                 Summ           9%         N/A       56%         2
 Searing Ray              Conj           18%        3d3       56%         2
 Wereblood                Tmut           9%         N/A       56%         2
 Metabolic Englaciation   Hex/Ice        12%        N/A       65%         5
 Summon Mana Viper        Hex/Summ       24%        N/A       65%         5
 Yara's Violent Unravell  Hex/Tmut       12%        3d7       65%         5
 Summon Lightning Spire   Summ/Air       18%        N/A       67%         4
 Death Channel            Necr           16%        N/A       73%         6
 Call Canine Familiar     Summ           9%         N/A       78%         3
 Conjure Flame            Conj/Fire      9%         6-21      78%         3
 Ignite Poison            Fire/Tmut/Pois 9%         N/A       78%         3
 Ozocubu's Armour         Ice            9%         N/A       78%         3
 Spider Form              Tmut/Pois      4%         N/A       78%         3
 Animate Armour           Summ/Erth      30%        N/A       83%         4
 Petrify                  Tmut/Erth      15%        N/A       83%         4
 Lee's Rapid Deconstruct  Erth           10%        3d9*      83%         5
 Summon Forest            Summ/Tloc      10%        N/A       83%         5
 Hailstorm                Conj/Ice       9%         3d4       99%         4
 Ice Form                 Ice/Tmut       9%         N/A       99%         4
 Olgreb's Toxic Radiance  Pois           9%         N/A       99%         4
 Summon Ice Beast         Ice/Summ       9%         N/A       99%         4
 Bolt of Magma            Conj/Fire/Erth 6%         4d6       99%         5
 Alistair's Intoxication  Tmut/Pois      6%         N/A       100%        5
 Fireball                 Conj/Fire      4%         3d4       100%        5
 Hydra Form               Tmut           4%         N/A       100%        5
 Irradiate                Conj/Tmut      4%         3d15      100%        5
 Blade Hands              Tmut           4%         N/A       100%        6
 Eringya's Noxious Bog    Tmut/Pois      4%         N/A       100%        6
 Freezing Cloud           Conj/Ice/Air   7%         6-21      100%        6
 Iron Shot                Conj/Erth      7%         9d2       100%        6
 Shadow Creatures         Summ           N/A        N/A       100%        6
 Simulacrum               Ice/Necr       10%        N/A       100%        6
 Statue Form              Tmut/Erth      10%        N/A       100%        6
 Dragon Form              Tmut           4%         N/A       100%        7
 Haunt                    Necr/Summ      10%        N/A       100%        7
 Malign Gateway           Summ/Tloc      10%        N/A       100%        7
 Monstrous Menagerie      Summ           4%         N/A       100%        7
 Orb of Destruction       Conj           4%         9d2       100%        7
 Ozocubu's Refrigeration  Ice            4%         4d5       100%        7
 Spellforged Servitor     Conj/Summ      4%         N/A       100%        7
 Summon Hydra             Summ           4%         N/A       100%        7
 Discord                  Hex            19%        N/A       100%        8
 Summon Horrible Things   Summ           4%         N/A       100%        8
 Shatter                  Erth           10%        3d12*     100%        9


Dungeon Overview and Level Annotations

Branches:
Dungeon (15/15)            Temple (1/1) D:7            Lair (6/6) D:11
 Shoals (4/4) Lair:2        Snake (4/4) Lair:2        Slime (5/5) Lair:5
    Orc (2/2) D:12            Elf (3/3) Orc:2        Vaults (5/5) D:13
  Crypt (1/3) Vaults:3     Depths (5/5) D:15           Hell (visited)
    Coc (7/7) Hell            Zot (0/5) Depths:5     Bailey (visited)
Gauntlet (visited)
    Dis: Hell:1         Geh: Hell:1         Tar: Hell:1

Altars:
Ashenzari
Cheibriados
Dithmenos
Elyvilon
Fedhas
Gozag
Hepliaklqana
Kikubaaqudgha
Makhleb
Nemelex Xobeh
Okawaru
Qazlal
Ru
Sif Muna
Trog
Uskayaw
Vehumet
Wu Jian
Xom
Yredelemnul
Zin
The Shining One
Jiyva
Lugonu

Shops:
D:5 (   D:13 *!*[(   Orc:1 ?   Orc:2 (!*[:   Elf:3 [[[=(   Snake:2 ::![
Snake:3 (   Vaults:2 !   Vaults:4 ([[!(   Depths:1 *   Depths:3 :
Depths:5 =::

Portals:
Hell: Lair:6 Depths:1 Depths:2 Depths:3 Depths:4 Depths:5
Abyss: Depths:1 Depths:4
Pandemonium: Depths:3 Depths:5
Ziggurat: Depths:3

Annotations:
Lair:1 exclusion: 2 oklob plants
Coc:7 Serpent of Hell


Innate Abilities, Weirdness & Mutations

You are resistant to damage.
You can heal yourself by infusing magical energy.
You resist negative energy. (rN+)
You passively map a large area around you.
You do not regenerate.
You are partially covered in iridescent scales. (AC +2)
You are partially covered in large bone plates. (SH +4)
You often lose your temper in combat.
Armour fits poorly on your strangely shaped body.
You are very dopey. (Int -4)
You are very frail. (-20% HP)
Your magical capacity is very low. (-20% MP)
Your system is resistant to poisons. (rPois)
You frequently scream uncontrollably at your foes.
You are occasionally teleported next to monsters.
Your spells are a little harder to cast, but a little more powerful.
Potions are less effective at restoring your health.
You sometimes lose the ability to read scrolls when taking damage.


Message History

Your spectral weapon shares its damage with you!
* * * LOW HITPOINT WARNING * * *
The Ice Fiend closely misses your spectral weapon.
The Ice Fiend claws your spectral weapon!!
Your spectral weapon shares its damage with you!
Your spectral weapon fades away.
* * * LOW HITPOINT WARNING * * *
The fire dragon closely misses you. The fire dragon completely misses you.
The fire dragon tramples you but does no damage.
The ice beast completely misses you.
You perforate the Serpent of Hell like a sieve!!!
The Serpent of Hell is almost dead.
Your spectral weapon hits the Serpent of Hell.
You are engulfed in freezing vapours.
You resist. You block the storm dragon's attack. x2
The storm dragon completely misses you.
The fire dragon bites your spectral weapon.
Your spectral weapon shares its damage with you!
The fire dragon barely misses your spectral weapon.
The fire dragon tramples your spectral weapon but does no damage.
You block the Serpent of Hell's attack. The Serpent of Hell bites you!
* * * LOW HITPOINT WARNING * * *
The Serpent of Hell freezes you! You resist.
* * * LOW HITPOINT WARNING * * *
The Serpent of Hell closely misses you.
The Serpent of Hell claws you but does no damage.
The Serpent of Hell tramples you but does no damage.
The phantasmal warrior blinks!
You block the freezing wraith's attack. The freezing wraith barely misses you.
Your system partially rejects the healing.
You feel better.
You are engulfed in freezing vapours.
You resist.
The blizzard demon waves its arms in wide circles.
The air twists around and strikes you!
* * * LOW HITPOINT WARNING * * *
You block the storm dragon's attack. x2; The storm dragon closely misses you.
The Ice Fiend calls on the powers of darkness!
Your body is wracked with pain!
The fire dragon convulses! x2
The storm dragon convulses!
The ice beast convulses!
The ice dragon convulses!
The Serpent of Hell bites you!
You die...

≈≈≈≈≈≈≈≈≈≈≈≈≈≈≈≈ ≈ , ,≈
≈ ≈ ≈
Z≈≈≈≈≈≈≈≈≈≈≈≈≈≈≈≈≈≈≈≈ ,,
, ,,
≈≈≈≈≈≈≈≈≈≈≈≈≈≈≈≈≈≈≈≈≈ ≈≈
≈≈≈≈≈E≈≈≈≈≈≈≈≈≈≈≈≈≈≈≈ ≈
≈≈≈≈≈≈≈........≈≈≈≈≈≈≈≈≈
≈≈≈≈≈....2.......≈≈≈≈≈≈≈
≈ ≈≈≈≈
###'###W5D≈≈≈≈≈≈≈≈ ≈
≈≈≈.. ##...○Z##DY2≈≈≈≈≈≈
≈ ≈≈ ≈≈
≈≈≈...#...[○..#D@D≈≈≈≈≈≈
≈≈
≈≈≈...'.∩.∩.∩11†§W≈≈§≈≈≈
≈
≈≈≈...#......Z#..D≈≈≈≈≈≈
≈ ≈≈≈..
##.....##.Z.≈≈≈≈≈≈ ≈ ≈
≈≈≈≈ ###'###...≈≈≈≈≈≈≈
≈≈ ≈ ≈ ≈≈≈≈ ,
....,....≈≈≈≈≈≈≈ ≈ ≈ ≈≈
........≈≈≈≈≈≈≈.., ≈≈ ≈
≈ ≈≈≈≈≈≈≈≈≈≈≈≈≈≈≈≈.. ≈ ≈
,, ≈≈≈≈≈≈≈≈≈≈≈≈≈≈≈≈≈ , ≈


You could see the Serpent of Hell, a storm dragon (summoned), 2 Ice Fiends, 2
fire dragons, an ice dragon (summoned), a blizzard demon, a phantasmal warrior,
a freezing wraith, an ice beast, a white imp, a fire dragon skeleton and an ice
dragon skeleton.

Vanquished Creatures
  Cerebov (Pan)
  the Royal Jelly (Slime:5)
  Lom Lobon (Pan)
  Mnoleg (Pan)
  A dread lich (Vaults:4)
  Mara (Snake:4)
  Mennas (Depths:4)
  A royal mummy (Depths:4)
  Boris (Vaults:2)
  Bai Suzhen (Vaults:5)
  6 shard shrikes
  Margery (Depths:1)
  Saint Roka (Snake:4)
  Vashnia (Snake:4)
  Geryon (Hell)
  3 profane servitors
  the Enchantress (Depths:5)
  Jory (Vaults:3)
  4 golden dragons
  6 bone dragons
  3 Tzitzimimeh (Pan)
  5 Brimstone Fiends (Pan)
  9 tentacled monstrosities
  A shard shrike zombie (Crypt:1)
  6 Ice Fiends
  Rupert (D:15)
  A Hell Sentinel (Pan)
  Asterion (Elf:1)
  5 deep elf blademasters
  3 deep elf master archers (Elf:3)
  A pandemonium lord (Pan)
  A quicksilver dragon (Vaults:5)
  4 liches
  7 titans
  Murray (Hell)
  21 Executioners
  The ghost of Pagrax the Bludgeoner, an adept TrBe of Trog (Snake:4)
  30 acid blobs
  Polyphemus (Shoals:4)
  The ghost of Avavve the Brawler, an adept TrBe of Trog (Snake:4)
  11 sphinxes
  3 ancient champions
  The ghost of Vauzamim the Peltast, an adept HuWn of Kikubaaqudgha (Snake:4)
  The ghost of EnegeticOcto the Fighter, an adept DjSu of Elyvilon (Snake:4)
  Agnes (Snake:1)
  19 tentacled starspawn
  3 shadow dragons
  Donald (Snake:4)
  6 tengu reavers
  The ghost of Renjy the Thaumaturge, an adept VSEE of Cheibriados (Snake:4)
  Kirke (D:13)
  14 rockslimes
  2 nagarajas (Snake:4)
  10 azure jellies
  4 fire giants
  16 vault wardens
  2 draconian knights
  6 deep elf sorcerers
  Louise (Elf:3)
  7 frost giants
  6 deep elf elementalists (Elf:3)
  18 balrugs
  12 cacodemons
  An orc warlord (Orc:2)
  4 curse skulls
  5 ghouls (Crypt:1)
  32 very ugly things
  13 reapers
  6 war gargoyles
  5 spriggan defenders
  2 draconian annihilators (Pan)
  An elemental wellspring (Coc:7)
  18 stone giants
  11 quicksilver oozes
  14 ironbound preservers
  A corrupter (Pan)
  4 deep elf demonologists
  6 blood saints (Pan)
  10 deep elf annihilators
  7 vampire knights
  2 minotaurs
  Azrael (Elf:1)
  7 lorocyprocas
  2 white draconians
  Nessos (D:13)
  2 entropy weavers (Abyss:4)
  11 spark wasps
  4 black suns (Pan)
  2 purple draconians (Depths:5)
  A yellow draconian (Depths:5)
  2 eidola
  4 dire elephants
  24 blizzard demons
  5 merfolk javelineers
  9 green deaths
  9 deep elf death magi
  2 crystal guardians (Vaults:4)
  3 mummy priests (Depths:4)
  10 ettins
  A quicksilver dragon zombie (Coc:6)
  15 yaktaur captains
  20 great orbs of eyes
  18 fire dragons
  8 jiangshi
  13 merfolk impalers
  4 deep elf high priests
  A kraken zombie (Hell)
  17 naga warriors
  2 salamander tyrants (Snake:4)
  10 rakshasas
  23 ice dragons
  2 quicksilver dragon skeletons (Coc:1)
  30 vault guards
  21 hydras
  Erolcha (D:13)
  5 ironbound thunderhulks
  2 peacekeepers (Vaults:4)
  4 hell beasts
  2 juggernaut simulacra (Pan)
  An ogre mage (Vaults:5)
  2 catoblepae
  11 anacondas
  7 spriggan air magi
  4 merfolk avatars
  5 monstrous demonspawn (Pan)
  13 centaur warriors
  8 boulder beetles
  2 alligator snapping turtles
  4 merfolk aquamancers
  3 satyrs
  9 ironbound frosthearts
  2 death knights
  6 two-headed ogres
  26 dancing weapons
  7 vampire magi
  5 deep troll shamans
  14 death yaks
  A death yak (shapeshifter) (Vaults:5)
  11 tengu warriors
  2 orc high priests (Orc:2)
  5 deep troll earth magi
  10 hell hogs
  24 soul eaters
  10 shock serpents
  5 ironbound beastmasters
  12 deep elf knights
  31 thrashing horrors
  24 hell knights
  3 spriggan berserkers
  2 storm dragon zombies
  2 titan zombies
  47 sun demons
  Sonja (Lair:3)
  20 naga sharpshooters
  4 titan skeletons
  23 sixfirhies
  21 wretched stars
  5 iron trolls
  8 salamander mystics
  4 anaconda zombies
  6 shadow wraiths
  A storm dragon skeleton (Pan)
  31 skeletal warriors
  3 ghost moth zombies
  49 deep trolls
  A deep troll (shapeshifter) (Vaults:5)
  11 sea snakes
  An infernal demonspawn (Pan)
  3 gelid demonspawn (Pan)
  3 flayed ghosts
  12 spatial maelstroms
  8 glowing orange brains
  21 ironbound convokers
  A swamp dragon (Abyss:4)
  13 deep elf archers
  A golden dragon skeleton (Pan)
  2 torturous demonspawn (Pan)
  3 bog bodies (Crypt:1)
  5 naga ritualists
  12 lindwurms
  2 shadow demons
  A lindwurm (shapeshifter) (Vaults:5)
  3 anaconda skeletons
  A shadow dragon zombie (Coc:3)
  11 phantasmal warriors
  15 wizards
  9 orc knights
  28 harpies
  A wolf spider zombie (Abyss:1)
  14 necromancers
  5 shadow dragon skeletons
  20 deep elf pyromancers
  23 deep elf zephyrmancers
  2 harpies (shapeshifter)
  10 cyclopes
  A mana viper (shapeshifter) (Elf:2)
  17 mana vipers
  An orb spider (Abyss:1)
  An oklob plant (Gauntlet)
  6 orc sorcerers
  3 will-o-the-wisps
  44 ugly things
  3 wolf spiders (Abyss:3)
  A moth of wrath (Pan)
  A frost giant zombie (Abyss:1)
  16 salamanders
  5 shining eyes
  19 fauns
  7 merfolk sirens
  23 manticores
  The ghost of boysha the Covert, a novice KoDe (D:5)
  An iron dragon skeleton (Coc:1)
  5 elephants
  9 worldbinders
  2 fire giant zombies
  A fire giant skeleton (Pan)
  4 rust devils
  Maurice (D:13)
  A dire elephant zombie (Coc:5)
  3 molten gargoyles (Hell)
  6 water nymphs
  7 guardian serpents
  46 smoke demons
  An eye of devastation (shapeshifter) (Depths:4)
  A water nymph (shapeshifter) (D:13)
  36 black mambas
  6 ice statues
  21 vault sentinels
  3 eyes of devastation
  A stone giant skeleton (Coc:2)
  12 naga magi
  8 apocalypse crabs
  6 hellions
  An unseen horror (shapeshifter) (Depths:5)
  2 gargoyles
  12 komodo dragons
  2 dire elephant skeletons
  19 orange demons
  12 cane toads
  An emperor scorpion zombie (Coc:5)
  A shock serpent skeleton (Coc:5)
  9 demonic crawlers (Pan)
  9 tormentors
  16 freezing wraiths
  3 unseen horrors
  3 kobold demonologists
  8 rime drakes
  A purple draconian skeleton (Crypt:1)
  13 efreet
  2 sea snake zombies (Hell)
  40 yaktaurs
  30 hellwings
  29 ice devils
  3 tengu conjurers
  A yaktaur (shapeshifter) (Abyss:3)
  3 guardian mummies (Depths:4)
  A sea snake skeleton (Hell)
  19 red devils
  A jumping spider (shapeshifter) (Abyss:2)
  15 ancient zymes
  8 trolls
  3 hornets
  7 meliai
  20 wind drakes
  6 polar bears
  4 tyrant leeches (Abyss:3)
  10 hydra zombies
  23 merfolk
  A shadow dragon simulacrum (Abyss:3)
  34 blink frogs
  Grinder (D:3)
  A hydra skeleton (Coc:7)
  2 raiju (shapeshifter)
  40 raiju
  3 alligator zombies
  106 slime creatures
  A harpy skeleton (Coc:5)
  8 dream sheep
  An ettin zombie (Coc:1)
  8 snapping turtles
  A fire dragon zombie (Coc:1)
  A frost giant simulacrum (Coc:1)
  A satyr zombie (Crypt:1)
  A centaur simulacrum (D:13)
  52 flying skulls
  An ice dragon skeleton (Coc:3)
  26 ynoxinuls
  A tarantella (D:13)
  65 starcursed masses
  13 wraiths
  4 redbacks (D:13)
  41 yaks
  14 shadows
  A tarantella (shapeshifter) (Depths:3)
  2 alligator skeletons (Pan)
  4 ettin skeletons
  2 fire dragon skeletons
  2 basilisks (Lair:4)
  A spriggan (Depths:3)
  33 water elementals
  5 wyverns
  2 air elementals
  A vampire (D:13)
  3 fire elementals
  76 large abominations
  A basilisk (shapeshifter) (D:15)
  6 hogs (D:13)
  25 chaos spawn
  26 neqoxecs
  A sea snake simulacrum (Hell)
  6 golden eyes
  2 steam dragons
  16 vampire mosquitoes
  2 humans (shapeshifter)
  Menkaure (D:4)
  16 spatial vortices
  Edmund (D:5)
  5 wargs
  43 nagas
  20 hell hounds
  A hydra simulacrum (Coc:5)
  Duvessa (D:5)
  15 water moccasins
  5 acid dragons
  7 cane toad zombies
  A floating eye (Pan)
  A cane toad skeleton (Coc:6)
  3 snapping turtle zombies
  12 ice beasts
  2 black bears
  33 orc warriors
  7 necrophages
  4 boggarts
  2 swamp dragon zombies
  20 wolves
  17 centaurs
  16 ogres
  A boggart (shapeshifter) (Vaults:5)
  A snapping turtle skeleton (Pan)
  2 manticore skeletons
  2 swamp dragon skeletons
  61 small abominations
  7 kobold brigands
  3 phantoms
  8 bullfrogs
  2 gnoll sergeants (D:9)
  2 scorpions
  A cane toad simulacrum (Coc:6)
  Dowan (D:5)
  An earth elemental (Elf:2)
  A water moccasin skeleton (D:5)
  The ghost of feta the Skirmisher, a weakling HOFi (D:3)
  7 killer bees
  11 wights
  3 howler monkeys (D:12)
  9 electric eels
  2 crimson imps
  7 centaur zombies
  3 jellies
  13 orc priests
  2 hounds (D:5)
  5 quasits
  Crazy Yiuf (D:3)
  3 gnoll shamans
  5 iron imps
  5 centaur skeletons
  7 hell rats (Lair:3)
  Terence (D:3)
  3 iguanas
  A scorpion zombie (Crypt:1)
  24 orc wizards
  4 lightning spires (Abyss:4)
  An acid dragon skeleton (Crypt:1)
  2 hound zombies (D:5)
  A hound skeleton (D:5)
  6 mummies
  2 howler monkey zombies
  9 adders
  27 gnolls
  16 white imps
  8 ufetubi
  An adder skeleton (D:5)
  A halfling skeleton (Crypt:1)
  2 worms
  69 orcs
  7 ball pythons
  8 bats
  13 endoplasms
  4 giant cockroaches
  11 goblins
  11 hobgoblins
  4 jackals (D:4)
  35 kobolds
  5 quokkas
  A river rat zombie (Crypt:1)
  4 frilled lizards
  A hobgoblin zombie (D:4)
  2 kobold zombies (D:4)
  2 orc skeletons
  An orc zombie (D:4)
  3 rats
  2 ball lightnings (Pan)
  9 starspawn tentacles
  A tentacle (Hell)
3483 creatures vanquished.

Vanquished Creatures (collateral kills)
  Gloorx Vloq (Pan)
  A pandemonium lord (Pan)
  An Executioner (Pan)
  A kraken (Shoals:2)
  A shadow dragon (Vaults:5)
  A frost giant (Coc:5)
  A cacodemon (Pan)
  2 quicksilver oozes (Slime:5)
  2 ironbound preservers (Vaults:5)
  A blizzard demon (Coc:7)
  A yaktaur captain (Vaults:5)
  2 vault guards (Vaults:5)
  A sun demon (Hell)
  A soul eater (Hell)
  A shadow wraith (Pan)
  An anaconda zombie (Hell)
  An orc knight (Vaults:5)
  A shadow dragon skeleton (Coc:7)
  2 shining eyes (Pan)
  2 large abominations (Pan)
  An eye of devastation (Pan)
  2 freezing wraiths (Coc:7)
  A shadow (Coc:5)
  3 ball lightnings (Pan)
32 creatures vanquished.

Vanquished Creatures (others)
  2 eldritch tentacles (Pan)
  A fire giant (Depths:5)
  2 draconian annihilators (Pan)
  2 elemental wellsprings
  A black sun (Pan)
  8 blizzard demons (Pan)
  An ice dragon (Coc:7)
  A rakshasa (Pan)
  A hell hog (Hell)
  A deep elf knight (Elf:2)
  A sun demon (Pan)
  A deep elf zephyrmancer (Elf:2)
  A manticore (Shoals:1)
  A rust devil (Pan)
  A smoke demon (Pan)
  An ice devil (Lair:6)
  A raiju (Abyss:2)
  2 wind drakes (Pan)
  5 flying skulls
  A wyvern (Depths:2)
  A floating eye (Depths:5)
  3 hell hounds (Elf:1)
  A kobold brigand (D:13)
  2 white imps (Coc:7)
  An orc (D:7)
  17 ball lightnings (Pan)
  4 fire vortices (Pan)
  4 foxfires (Abyss:4)
  20 fungi
  5 lurking horrors
  170 plants
  43 starspawn tentacles
  56 tentacles
  A withered plant (Gauntlet)
363 creatures vanquished.

Grand Total: 3878 creatures vanquished

Notes
Turn   | Place    | Note
-------+----------+-------------------------------------------
     0 | D:1      | Pagrax the Deep Dwarf Fighter began the quest for the Orb.
     0 | D:1      | Reached XP level 1. HP: 20/20 MP: 1/1
   238 | D:1      | Reached XP level 2. HP: 27/27 MP: 2/2
   519 | D:1      | Reached XP level 3. HP: 25/33 MP: 3/3
   926 | D:2      | Reached XP level 4. HP: 27/40 MP: 4/4
  1424 | D:3      | Reached skill level 5 in Maces & Flails
  1437 | D:3      | Reached XP level 5. HP: 17/46 MP: 5/5
  1583 | D:3      | Noticed Terence
  1598 | D:3      | Killed Terence
  1816 | D:3      | Noticed Grinder
  1850 | D:3      | Paralysed by Grinder for 4 turns
  1856 | D:3      | Paralysed by Grinder for 2 turns
  1866 | D:3      | Killed Grinder
  1867 | D:3      | Reached XP level 6. HP: 30/55 MP: 5/5
  1903 | D:3      | Found a glowing golden altar of the Shining One.
  2214 | D:3      | Found a runed translucent door.
  2215 | D:3      | Noticed Crazy Yiuf
  2221 | D:3      | Identified a scroll of acquirement
  2222 | D:3      | Acquired the ring "Wywed" {Contam rF+++ rC- MP+9 Dex+9}
  2272 | D:3      | Killed Crazy Yiuf
  2308 | D:3      | Found an iron altar of Okawaru.
  2353 | D:3      | Found a runed translucent gate.
  2359 | D:3      | Found a runed translucent gate.
  2359 | D:3      | Noticed feta's ghost (weakling HOFi)
  2360 | D:3      | Found a runed translucent gate.
  2389 | D:3      | Found a faded altar of an unknown god.
  2682 | D:4      | Reached XP level 7. HP: 58/61 MP: 5/5
  2765 | D:4      | Noticed Menkaure
  2777 | D:4      | Killed Menkaure
  2784 | D:4      | Found a shimmering blue altar of Sif Muna.
  2975 | D:4      | Reached skill level 1 in Dodging
  3022 | D:4      | Found a blossoming altar of Fedhas.
  3173 | D:4      | Found a broken altar of Ashenzari.
  3229 | D:4      | Reached skill level 4 in Shields
  3340 | D:4      | Reached XP level 8. HP: 59/69 MP: 5/5
  3427 | D:5      | Entered Level 5 of the Dungeon
  3429 | D:5      | Noticed Edmund
  3479 | D:5      | Killed Edmund
  3521 | D:5      | Found a white marble altar of Elyvilon.
  3623 | D:5      | Found Begh's Hydra Hut.
  3647 | D:5      | Noticed a seven-headed hydra
  3791 | D:5      | Found a runed translucent gate.
  3791 | D:5      | Found a runed translucent gate.
  3792 | D:5      | Found a runed translucent gate.
  3794 | D:5      | Noticed boysha's ghost (novice KoDe)
  3794 | D:5      | Noticed a troll
  3838 | D:5      | Found a snail-covered altar of Cheibriados.
  3838 | D:5      | Noticed Dowan
  3839 | D:5      | Noticed Duvessa
  3856 | D:5      | Killed Duvessa
  3876 | D:5      | Killed Dowan
  3961 | D:5      | Reached skill level 5 in Shields
  4062 | D:5      | Found a sparkling altar of Nemelex Xobeh.
  4140 | D:5      | Found a glowing silver altar of Zin.
  4142 | D:5      | Found a shimmering altar of Xom.
  4142 | D:5      | Found a shimmering altar of Xom.
  4144 | D:5      | Found a hide-covered altar of Uskayaw.
  4144 | D:5      | Found a sparkling altar of Nemelex Xobeh.
  4144 | D:5      | Found a sparkling altar of Nemelex Xobeh.
  4479 | D:6      | Reached skill level 5 in Armour
  4617 | D:6      | Gained mutation: You passively map the area around you.
                  | [Deep Dwarf growth]
  4617 | D:6      | Reached XP level 9. HP: 64/79 MP: 5/5
  4648 | D:6      | Noticed a troll
  4677 | D:6      | Killed a troll
  4678 | D:6      | Reached skill level 1 in Stealth
  5092 | D:6      | Identified the +10 flail of Vegynam {drain, rN+ Will+
                  | Dex-5}
  5203 | D:6      | Reached skill level 1 in Evocations
  5732 | D:7      | Found a staircase to the Ecumenical Temple.
  5740 | Temple   | Entered the Ecumenical Temple
  5778 | Temple   | Became a worshipper of Ru the Awakened
  5925 | D:7      | Reached skill level 6 in Shields
  6009 | D:7      | Found a hazy altar of Hepliaklqana.
  6030 | D:7      | Reached skill level 10 in Maces & Flails
  6039 | D:7      | Reached skill level 5 in Fighting
  6792 | D:8      | Noticed a two-headed ogre
  6809 | D:8      | Killed a two-headed ogre
  6810 | D:8      | Reached skill level 7 in Shields
  6810 | D:8      | Reached XP level 10. HP: 23/88 MP: 5/5
  6915 | D:8      | Fell from the grace of Ru
  7221 | D:8      | Reached skill level 5 in Dodging
  7991 | D:9      | Reached skill level 1 in Spellcasting
  8320 | D:10     | Entered Level 10 of the Dungeon
  8333 | D:10     | Reached skill level 8 in Shields
  8429 | D:10     | Noticed a two-headed ogre
  8441 | D:10     | Killed a two-headed ogre
  8442 | D:10     | Reached skill level 5 in Evocations
  8491 | D:10     | Found an opulent altar of Gozag.
  8656 | D:10     | Reached XP level 11. HP: 67/97 MP: 4/4
  8668 | D:10     | Found a radiant altar of Vehumet.
  8805 | D:10     | Found a burning altar of Makhleb.
  8812 | D:10     | Became a worshipper of Makhleb the Destroyer
  9212 | D:11     | Reached skill level 9 in Shields
  9240 | D:11     | Acquired the +8 demon whip of Valour {elec, rN+ Will+
                  | Str+4}
  9298 | D:11     | Noticed a two-headed ogre
  9328 | D:11     | Killed a two-headed ogre
  9398 | D:11     | Gained mutation: You are frail. (-10% HP) [potion of
                  | mutation]
  9398 | D:11     | Gained mutation: You are partially covered in iridescent
                  | scales. (AC +2) [potion of mutation]
  9399 | D:11     | Lost mutation: You are partially covered in iridescent
                  | scales. (AC +2) [potion of mutation]
  9399 | D:11     | Lost mutation: You are frail. (-10% HP) [potion of
                  | mutation]
  9399 | D:11     | Gained mutation: You are partially covered in large bone
                  | plates. (SH +4) [potion of mutation]
  9663 | D:11     | Found a staircase to the Lair.
  9728 | Lair:1   | Entered Level 1 of the Lair of Beasts
  9849 | Lair:1   | Reached skill level 10 in Shields
 10046 | Lair:1   | Reached * piety under Makhleb
 10518 | Lair:1   | Noticed an oklob plant
 10518 | Lair:1   | Noticed an oklob plant
 10820 | D:3      | Killed feta's ghost
 10937 | D:5      | Killed boysha's ghost
 11318 | D:11     | Reached XP level 12. HP: 58/109 MP: 2/2
 12038 | Lair:2   | Found a staircase to the Snake Pit.
 12039 | Lair:2   | Noticed a seven-headed hydra
 12109 | Lair:2   | Noticed a death yak
 12110 | Lair:2   | Noticed a death yak
 12116 | Lair:2   | Noticed a death yak
 12122 | Lair:2   | Killed a death yak
 12132 | Lair:2   | Killed a death yak
 12134 | Lair:2   | Killed a death yak
 12190 | Lair:2   | Killed a seven-headed hydra
 12191 | Lair:2   | Reached skill level 11 in Shields
 12248 | Lair:2   | Reached ** piety under Makhleb
 12393 | Lair:2   | Found a staircase to the Shoals.
 12544 | Lair:2   | Noticed a six-headed hydra
 12571 | Lair:2   | Killed a six-headed hydra
 12932 | Lair:3   | Reached skill level 5 in Spellcasting
 13204 | Lair:3   | Reached *** piety under Makhleb
 13405 | Lair:3   | Noticed Sonja
 13412 | Lair:3   | Killed Sonja
 13413 | Lair:3   | Reached XP level 13. HP: 117/117 MP: 6/6
 14634 | Lair:5   | Reached skill level 10 in Evocations
 14679 | Lair:5   | Found a staircase to the Slime Pits.
 14961 | Lair:5   | Reached **** piety under Makhleb
 14976 | Lair:5   | Reached skill level 12 in Shields
 15498 | D:12     | Found a stormy altar of Qazlal.
 15616 | D:12     | Found a staircase to the Orcish Mines.
 15644 | D:12     | Found a gate leading to a gauntlet.
 15765 | Gauntlet | Entered a Gauntlet
 15765 | Gauntlet | Found a transporter.
 15773 | Gauntlet | Found a transporter.
 15776 | Gauntlet | Found a transporter.
 15777 | Gauntlet | Found a transporter.
 15781 | Gauntlet | Found a runed translucent door.
 15783 | Gauntlet | Found a runed translucent door.
 15785 | Gauntlet | Found a transporter.
 15788 | Gauntlet | Found a transporter.
 15789 | Gauntlet | Found a transporter.
 15798 | Gauntlet | Found a transporter.
 15801 | Gauntlet | Found a transporter.
 15802 | Gauntlet | Found a transporter.
 15810 | Gauntlet | Found a transporter.
 15813 | Gauntlet | Found a transporter.
 15814 | Gauntlet | Found a transporter.
 15822 | Gauntlet | Found a transporter.
 15966 | Gauntlet | Identified the +10 rapier "Ijump" {protect, rF+ rCorr}
 16008 | Gauntlet | Gained mutation: Potions are less effective at restoring
                  | your health. [a neqoxec]
 16166 | Gauntlet | Identified the +2 halberd of the Glowing Wolf {venom, rC+
                  | Will- Dex+6}
 16166 | Gauntlet | Noticed a minotaur
 16178 | Gauntlet | Killed a minotaur
 16187 | Gauntlet | Identified the +5 rapier of Peace {vorpal, rC+ Dex+4}
 16676 | Orc:1    | Entered Level 1 of the Orcish Mines
 16676 | Orc:1    | Found Yhinnuf's Magic Scroll Boutique.
 16733 | Orc:1    | Bought a scroll of identify for 30 gold pieces
 16733 | Orc:1    | Bought a scroll of identify for 30 gold pieces
 16839 | Orc:2    | Entered Level 2 of the Orcish Mines
 16847 | Orc:2    | Gained mutation: You resist negative energy. (rN+) [Deep
                  | Dwarf growth]
 16847 | Orc:2    | Reached XP level 14. HP: 126/129 MP: 4/4
 16887 | Orc:2    | Found Lyacul's Antique Armour Shop.
 16979 | Orc:2    | Reached ***** piety under Makhleb
 17024 | Orc:2    | Found a staircase to the Elven Halls.
 17177 | Orc:2    | Found Iceijof's General Store.
 17220 | Orc:2    | Bought a scroll of teleportation for 42 gold pieces
 17220 | Orc:2    | Bought a potion of curing for 42 gold pieces
 17224 | Orc:2    | Found Qahiq's Distillery.
 17235 | Orc:2    | Bought a potion of mutation for 104 gold pieces
 17235 | Orc:2    | Bought a potion of curing for 39 gold pieces
 17235 | Orc:2    | Bought a potion of curing for 39 gold pieces
 17235 | Orc:2    | Bought a potion of haste for 130 gold pieces
 17235 | Orc:2    | Bought a potion of curing for 39 gold pieces
 17235 | Orc:2    | Bought a potion of haste for 130 gold pieces
 17235 | Orc:2    | Bought a potion of might for 52 gold pieces
 17235 | Orc:2    | Bought a potion of cancellation for 104 gold pieces
 17249 | Orc:2    | Noticed an orc warlord
 17294 | Orc:2    | Killed an orc warlord
 17447 | Orc:2    | Found Woschiub's Book Emporium.
 17650 | Orc:2    | Found Yxaarocoma's Antique Weapon Shoppe.
 18219 | D:13     | Found Gomej's Distillery.
 18233 | D:13     | Bought a potion of mutation for 88 gold pieces
 18233 | D:13     | Bought a potion of degeneration for 11 gold pieces
 18334 | D:13     | Reached skill level 10 in Armour
 18342 | D:13     | Found Wionid's Assorted Antiques.
 18382 | D:13     | Reached skill level 13 in Shields
 18385 | D:13     | Reached skill level 10 in Dodging
 18436 | D:13     | Found Ynlypnig's Weapon Shoppe.
 18446 | D:13     | Gained mutation: You are weak. (Str -2) [a shining eye]
 18466 | D:13     | Found a flagged portal.
 18523 | Bailey   | Entered a bailey
 18578 | Bailey   | Reached ****** piety under Makhleb
 19056 | D:13     | Noticed Maurice
 19062 | D:13     | Noticed Kirke
 19063 | D:13     | Reached skill level 10 in Fighting
 19083 | D:13     | Killed Kirke
 19091 | D:13     | Killed Maurice
 19142 | D:13     | Found a gate to the Vaults.
 19194 | D:13     | Reached XP level 15. HP: 127/138 MP: 7/7
 19449 | D:13     | Noticed Erolcha
 19456 | D:13     | Killed Erolcha
 19629 | D:13     | Found Jylygo's Armour Shop.
 19658 | D:13     | Noticed Nessos
 19663 | D:13     | Killed Nessos
 19688 | D:13     | Identified the +8 flail of Festooned Honour {vorpal, Int+4
                  | SInv}
 20200 | D:13     | Reached skill level 14 in Shields
 20200 | D:13     | Reached XP level 16. HP: 147/147 MP: 8/8
 20255 | D:13     | Found Vaqifun's General Store.
 20447 | D:13     | Identified the +9 short sword "Iwayrops" {drain, Dex+4}
 21496 | D:15     | Entered Level 15 of the Dungeon
 21604 | D:15     | Noticed Rupert
 21617 | D:15     | Killed Rupert
 21813 | D:15     | Found a burning altar of Makhleb.
 21821 | D:15     | Identified the +4 whip "Pagrax's Doom" {vorpal, rElec}
 21940 | D:15     | Found a staircase to the Depths.
 22393 | Lair:6   | Entered Level 6 of the Lair of Beasts
 22931 | Lair:6   | Reached XP level 17. HP: 148/157 MP: 9/9
 23261 | Lair:6   | Found a burning altar of Makhleb.
 23320 | Lair:6   | Found a gateway to Hell.
 23617 | Snake:1  | Entered Level 1 of the Snake Pit
 23839 | Snake:1  | Noticed Agnes
 23844 | Snake:1  | Killed Agnes
 23997 | Snake:1  | Reached skill level 15 in Shields
 24617 | Snake:2  | Found Vedwebao's Armour Shoppe.
 24621 | Snake:2  | Found Neizunid's Distillery.
 24622 | Snake:2  | Found Odifasai's Book Shoppe.
 24627 | Snake:2  | Bought a potion of mutation for 80 gold pieces
 24629 | Snake:2  | Bought a manual of Maces & Flails for 1545 gold pieces
 25523 | Snake:2  | Found Puefeomn's Book Emporium.
 25885 | Snake:2  | Bought a potion of heal wounds for 50 gold pieces
 25885 | Snake:2  | Bought a potion of might for 40 gold pieces
 25885 | Snake:2  | Bought a potion of heal wounds for 50 gold pieces
 25885 | Snake:2  | Bought a potion of heal wounds for 50 gold pieces
 26008 | Snake:3  | Reached skill level 15 in Maces & Flails
 26702 | Snake:3  | Found Oleb's Weapon Shop.
 27203 | Snake:4  | Entered Level 4 of the Snake Pit
 27637 | Snake:4  | Noticed Vashnia
 27687 | Snake:4  | Killed Vashnia
 27688 | Snake:4  | Gained mutation: You passively map a large area around you.
                  | [Deep Dwarf growth]
 27688 | Snake:4  | Reached XP level 18. HP: 85/168 MP: 8/8
 27719 | Snake:4  | Noticed Saint Roka
 27735 | Snake:4  | Killed Saint Roka
 27804 | Snake:4  | Noticed Mara
 27849 | Snake:4  | Noticed Pagrax's illusion
 27894 | Snake:4  | Noticed Donald
 27908 | Snake:4  | Killed Donald
 27912 | Snake:4  | Acquired a +0 pair of boots of rampaging
 28308 | Snake:4  | Found a runed translucent gate.
 28309 | Snake:4  | Found a runed translucent gate.
 28309 | Snake:4  | Found a runed translucent gate.
 28311 | Snake:4  | Noticed EnegeticOcto's ghost (adept DjSu)
 28311 | Snake:4  | Noticed Avavve's ghost (adept TrBe)
 28311 | Snake:4  | Noticed Renjy's ghost (adept VSEE)
 28311 | Snake:4  | Noticed Vauzamim's ghost (adept HuWn)
 28313 | Snake:4  | Noticed Pagrax's ghost (adept TrBe)
 28324 | Snake:4  | Noticed Pagrax's illusion
 28368 | Snake:4  | Killed Mara
 28810 | Snake:4  | Reached skill level 15 in Evocations
 28875 | Snake:4  | Got a serpentine rune of Zot
 29314 | Shoals:1 | Entered Level 1 of the Shoals
 29347 | Shoals:1 | Found a hide-covered altar of Uskayaw.
 29354 | Shoals:1 | Reached skill level 16 in Shields
 29713 | Shoals:1 | Reached XP level 19. HP: 154/176 MP: 8/8
 31635 | Shoals:4 | Entered Level 4 of the Shoals
 31707 | Shoals:4 | Identified the +2 buckler of Uqiara {Dex+4 SInv Stlth+}
 32058 | Shoals:4 | Noticed Polyphemus
 32083 | Shoals:4 | Found a gateway to a bazaar.
 32175 | Shoals:4 | Killed Polyphemus
 32230 | Bazaar   | Entered a bazaar
 32230 | Bazaar   | Found Nuataow's Magic Scroll Shoppe.
 32230 | Bazaar   | Found Igodil's Magic Scroll Emporium.
 32230 | Bazaar   | Found Kixkitano's General Store.
 32230 | Bazaar   | Found Atoigg's Antique Armour Shoppe.
 32260 | Bazaar   | Bought a potion of mutation for 112 gold pieces
 32262 | Bazaar   | Bought a scroll of identify for 14 gold pieces
 32262 | Bazaar   | Bought a scroll of enchant armour for 52 gold pieces
 32268 | Bazaar   | Lost mutation: You are weak. (Str -2) [potion of mutation]
 32268 | Bazaar   | Gained mutation: Your system is resistant to poisons.
                  | (rPois) [potion of mutation]
 32268 | Bazaar   | Gained mutation: Your magical capacity is low. (-10% MP)
                  | [potion of mutation]
 32268 | Bazaar   | Gained mutation: You are resistant to electric shocks.
                  | (rElec) [potion of mutation]
 32268 | Bazaar   | Gained mutation: You are robust. (+10% HP) [potion of
                  | mutation]
 32282 | Bazaar   | Learned a level 2 spell: Blink
 32322 | Shoals:4 | Identified the ring of Anag {rC+ EV+4}
 32387 | Shoals:4 | Got a barnacled rune of Zot
 32501 | Shoals:4 | Reached skill level 1 in Translocations
 32567 | Shoals:4 | Reached skill level 1 in Hexes
 33028 | Depths:1 | Entered Level 1 of the Depths
 33084 | Depths:1 | Reached skill level 15 in Dodging
 33168 | Depths:1 | Reached XP level 20. HP: 205/205 MP: 5/5
 33280 | Depths:1 | Identified the +0 leather armour of the Arcane {Harm}
 33444 | Depths:1 | Noticed Margery
 33536 | Depths:1 | Killed Margery
 33547 | Depths:1 | Reached skill level 17 in Shields
 33654 | Depths:1 | Found a one-way gate to the infinite horrors of the Abyss.
 33850 | Depths:1 | Found a portal to a secret trove of treasure.
 33894 | Depths:1 | Found Zin's Purification Station.
 33901 | Depths:1 | Found a glowing silver altar of Zin.
 34104 | Depths:2 | Reached skill level 15 in Armour
 34114 | Depths:2 | Reached skill level 5 in Translocations
 34177 | Depths:2 | Learned a level 3 spell: Gell's Gravitas
 34180 | Depths:2 | Learned a level 2 spell: Slow
 34617 | Depths:2 | Reached skill level 5 in Hexes
 35608 | Depths:3 | Reached XP level 21. HP: 188/217 MP: 6/6
 35810 | Depths:3 | Reached skill level 18 in Shields
 35867 | Depths:3 | Found Cahaek's Book Boutique.
 35891 | Depths:3 | Bought a book of Burglary for 900 gold pieces
 35900 | Depths:3 | Learned a level 4 spell: Cause Fear
 35903 | Depths:3 | Learned a level 2 spell: Passwall
 35907 | Depths:3 | Learned a level 3 spell: Swiftness
 35968 | Depths:3 | Found a one-way gate leading to the halls of Pandemonium.
 36182 | Depths:3 | Found a gateway to a ziggurat.
 36883 | Depths:4 | Gained mutation: You are clumsy. (Dex -2) [a shining eye]
 36886 | Depths:4 | Gained mutation: You are occasionally teleported next to
                  | monsters. [a shining eye]
 37035 | Depths:4 | Noticed Mennas
 37082 | Depths:4 | Killed Mennas
 37326 | Depths:4 | Identified the +2 cloak of Equpe {Int+6}
 37551 | Depths:4 | Noticed a royal mummy
 37574 | Depths:4 | Killed a royal mummy
 37861 | Depths:5 | Entered Level 5 of the Depths
 38070 | Depths:5 | Reached skill level 15 in Fighting
 38082 | Depths:5 | Reached skill level 10 in Translocations
 38110 | Depths:5 | Noticed a golden dragon
 38133 | Depths:5 | Killed a golden dragon
 38180 | Depths:5 | Found a gate to the Realm of Zot.
 38345 | Depths:1 | You paid a toll of +2 shadow dragon scales to enter a
                  | treasure trove
 38346 | Trove    | Entered a treasure trove
 38359 | Trove    | Identified the +4 quarterstaff of Indestructible Purpose
                  | {elec, rN+ Dex+3}
 38363 | Trove    | Identified the ring of the Cuttlefish {Fire rElec rPois
                  | Str-5 Int+7}
 38368 | Trove    | Identified the +6 battleaxe "Fouhihib" {vorpal, rN+}
 38373 | Trove    | Identified the +2 hat of the Raven {rC++ rN+ Int+2 Dex-3}
 38564 | Depths:5 | Reached XP level 22. HP: 159/231 MP: 7/7
 38629 | Depths:5 | Paralysed by a floating eye for 2 turns
 38635 | Depths:5 | Paralysed by a floating eye for 4 turns
 38644 | Depths:5 | Paralysed by a floating eye for 3 turns
 38653 | Depths:5 | Paralysed by a floating eye for 3 turns
 38660 | Depths:5 | Paralysed by a floating eye for 4 turns
 38670 | Depths:5 | Paralysed by a floating eye for 3 turns
 38682 | Depths:5 | Paralysed by a floating eye for 4 turns
 38693 | Depths:5 | Paralysed by a floating eye for 2 turns
 38768 | Depths:5 | Reached skill level 1 in Earth Magic
 38819 | Depths:5 | Reached skill level 1 in Necromancy
 39173 | Depths:5 | Noticed the Enchantress
 39189 | Depths:5 | Killed the Enchantress
 39507 | Depths:5 | Found Nierphexua's Book Emporium.
 39509 | Depths:5 | Found Inicorph's Jewellery Shop.
 39510 | Depths:5 | Found Soboka's Book Emporium.
 40080 | Depths:5 | Identified the +4 helmet "Nusuzem" {Harm rPois}
 40179 | Depths:5 | Lost mutation: You are occasionally teleported next to
                  | monsters. [potion of mutation]
 40179 | Depths:5 | Lost mutation: You are clumsy. (Dex -2) [potion of
                  | mutation]
 40179 | Depths:5 | Lost mutation: You are robust. (+10% HP) [potion of
                  | mutation]
 40406 | Vaults:1 | Entered Level 1 of the Vaults
 40591 | Vaults:1 | Reached skill level 19 in Shields
 41734 | Vaults:2 | Reached skill level 5 in Earth Magic
 42251 | Vaults:2 | Reached skill level 5 in Necromancy
 42251 | Vaults:2 | Reached XP level 23. HP: 217/217 MP: 7/7
 42388 | Vaults:2 | Noticed Boris
 42412 | Vaults:2 | Killed Boris
 42813 | Vaults:2 | Found Qits's Distillery.
 42819 | Vaults:2 | Bought a potion of haste for 200 gold pieces
 43571 | Vaults:3 | Found a staircase to the Crypt.
 43931 | Vaults:3 | Noticed Jory
 43953 | Vaults:3 | Killed Jory
 44527 | Vaults:4 | Found Leatoxop's Weapon Emporium.
 44540 | Vaults:4 | Found Zuilot's Distillery.
 44547 | Vaults:4 | Bought a potion of haste for 170 gold pieces
 44547 | Vaults:4 | Bought a potion of might for 68 gold pieces
 44834 | Vaults:4 | Reached skill level 1 in Air Magic
 44909 | Vaults:4 | Found Huiheac's Weapon Shop.
 45017 | Vaults:4 | Reached skill level 1 in Invocations
 45351 | Vaults:4 | Found Pyosut's Antique Armour Shop.
 45517 | Vaults:4 | Found Laafogek's Armour Shoppe.
 45765 | Elf:1    | Entered Level 1 of the Elven Halls
 45765 | Elf:1    | Noticed Asterion
 45776 | Elf:1    | Killed Asterion
 45861 | Elf:1    | Noticed Azrael
 45889 | Elf:1    | Killed Azrael
 45981 | Elf:1    | Identified Sif Muna's Papyrus of Battle Magic and Creation
 46507 | Elf:1    | Identified the +9 trident of World Downfall {vamp, rPois
                  | Dex+2}
 46648 | Elf:1    | Reached XP level 24. HP: 226/226 MP: 8/8
 46775 | Elf:2    | Found a runed translucent gate.
 46775 | Elf:2    | Found a runed translucent gate.
 46775 | Elf:2    | Found a runed translucent gate.
 46799 | Elf:2    | Reached skill level 5 in Invocations
 46861 | Elf:2    | Reached skill level 10 in Hexes
 47926 | Elf:3    | Entered Level 3 of the Elven Halls
 47979 | Elf:3    | Found Seess's Antique Armour Boutique.
 47988 | Elf:3    | Learned a level 3 spell: Vampiric Draining
 48024 | Elf:3    | Found Waytoludd's Armour Emporium.
 48038 | Elf:3    | Found Kakewyal's Jewellery Boutique.
 48062 | Elf:3    | Found Sebbosyq's Antique Armour Shoppe.
 48207 | Elf:3    | Found Qedwimint's Weapon Emporium.
 48407 | Elf:3    | Identified the ring of Kas Coy {rN+ Will++ Int+6 Stlth+}
 48418 | Elf:3    | Identified the +5 ring mail of the Unseen Realm {rPois
                  | rCorr Dex+3}
 48418 | Elf:3    | Identified the ring "Eduoc" {rElec Int+9 Dex+6 Stlth-}
 48455 | Elf:3    | Identified the +7 scythe of the Unseen Realm {distort,
                  | rElec rPois rCorr Int-2}
 48481 | Elf:3    | Reached skill level 20 in Shields
 48541 | Elf:3    | Identified the Guide on Supportive Hexes
 48543 | Elf:3    | Identified Witchery, Part Two
 48545 | Elf:3    | Identified the Collected Works on Frigorific Evil Arts
 48550 | Elf:3    | Identified Huarch's Collected Works on Flamy Venom
 48552 | Elf:3    | Identified the Tome of Shifting Snow
 48555 | Elf:3    | Identified the Catalogue of Summoning and the Volcanoes
 49128 | Elf:3    | Noticed Louise
 49150 | Elf:3    | Killed Louise
 49333 | Elf:3    | Identified the +10 arbalest of Loal Dets {vorpal, rElec rF+
                  | Will+ Int+3}
 49446 | Elf:3    | Bought an ichor-stained plate armour for 1092 gold pieces
 49446 | Elf:3    | Identified the +3 plate armour "Firafye" {rC+ rN+ Dex+4
                  | Stlth-} (You bought it in a shop on level 3 of the Elven
                  | Halls)
 49833 | Snake:4  | Killed EnegeticOcto's ghost
 49841 | Snake:4  | Killed Renjy's ghost
 49849 | Snake:4  | Killed Vauzamim's ghost
 49876 | Snake:4  | Killed Avavve's ghost
 49896 | Snake:4  | Killed Pagrax's ghost
 50504 | Vaults:5 | Entered Level 5 of the Vaults
 50571 | Vaults:4 | Reached skill level 10 in Invocations
 50768 | Vaults:5 | Reached skill level 10 in Necromancy
 50770 | Vaults:5 | Noticed a dread lich
 50785 | Vaults:5 | Reached XP level 25. HP: 169/237 MP: 8/8
 50847 | Vaults:4 | Killed a dread lich
 51109 | Vaults:5 | Identified the ring of Istradd {rElec rN+}
 51364 | Vaults:5 | Noticed Bai Suzhen
 51384 | Vaults:5 | Killed Bai Suzhen
 51395 | Vaults:5 | Identified the +3 buckler of Syndicalism {rElec rCorr
                  | Str+2}
 51412 | Vaults:5 | Reached skill level 21 in Shields
 51664 | Vaults:5 | Found the +7 great mace "Undeadhunter" {disrupt, rN+}
 51667 | Vaults:5 | Got a silver rune of Zot
 51755 | Vaults:5 | Found the +7 captain's cutlass {speed, disarm}
 52155 | Vaults:5 | Identified the +1 ring mail "Zaocsono" {Harm Rampage rF+
                  | Int-4}
 52205 | Vaults:5 | Identified the +7 rapier of World Downfall {antimagic, Fly}
 52513 | Slime:1  | Entered Level 1 of the Pits of Slime
 53074 | Slime:2  | Reached skill level 10 in Spellcasting
 54257 | Slime:3  | Reached XP level 26. HP: 250/253 MP: 6/6
 54429 | Slime:5  | Entered Level 5 of the Pits of Slime
 54589 | Slime:5  | Noticed the Royal Jelly
 54593 | Slime:5  | Found a viscous altar of Jiyva.
 54595 | Slime:5  | Gained mutation: Armour fits poorly on your strangely
                  | shaped body. [a shining eye]
 54699 | Slime:4  | Lost mutation: Your magical capacity is low. (-10% MP)
                  | [potion of mutation]
 54699 | Slime:4  | Lost mutation: Armour fits poorly on your strangely shaped
                  | body. [potion of mutation]
 54699 | Slime:4  | Lost mutation: You are resistant to electric shocks.
                  | (rElec) [potion of mutation]
 54699 | Slime:4  | Gained mutation: Your mind is acute. (Int +2) [potion of
                  | mutation]
 54699 | Slime:4  | Gained mutation: You are frail. (-10% HP) [potion of
                  | mutation]
 54777 | Slime:5  | Killed the Royal Jelly
 54939 | Slime:5  | Gained mutation: You are weak. (Str -2) [a shining eye]
 55662 | Slime:5  | Found the +5 sword of Power {vorpal}
 55983 | Slime:5  | Got a slimy rune of Zot
 56028 | Slime:5  | Learned a level 3 spell: Teleport Other
 56079 | Slime:5  | Identified the ring of Upseq {rPois rF+ rC+ Stlth+}
 56085 | Slime:5  | Identified the ring of Contentment {Ice Int+4 SInv}
 56455 | Slime:5  | Learned a level 5 spell: Silence
 56760 | Depths:1 | Voluntarily entered the Abyss.
 56957 | Abyss:1  | Gained mutation: You are very frail. (-20% HP) [a neqoxec]
 57455 | Depths:1 | Escaped the Abyss
 57532 | Depths:1 | Voluntarily entered the Abyss.
 57872 | Abyss:2  | Found a blossoming altar of Fedhas.
 58016 | Abyss:2  | Found a corrupted altar of Lugonu.
 58167 | Abyss:3  | Found a corrupted altar of Lugonu.
 58172 | Abyss:3  | Identified the +5 glaive of Invincibility {flame, rF++
                  | Dex+2}
 58931 | Abyss:3  | Paralysed by accursed screaming for 1 turns
 58939 | Abyss:3  | Paralysed by accursed screaming for 1 turns
 58989 | Abyss:3  | Found a snail-covered altar of Cheibriados.
 59337 | Abyss:3  | Found a shimmering blue altar of Sif Muna.
 59365 | Abyss:3  | Identified the Compendium of Calling and the Snowflakes
 59369 | Abyss:3  | Identified Lehudib's Papyrus of Conjuration
 59383 | Abyss:3  | Identified the Volume of Combat Magic
 59400 | Abyss:3  | Reached skill level 22 in Shields
 59403 | Abyss:3  | Identified the Compendium of Weightlessness
 59405 | Abyss:3  | Identified the Reference Book on Envenoming
 59410 | Abyss:3  | Identified the Volume of the Snowflakes
 59412 | Abyss:3  | Identified the Guide on Arcane Weapons
 59420 | Abyss:3  | Found a shimmering blue altar of Sif Muna.
 59422 | Abyss:3  | Identified the Papyrus of Displacement
 59583 | Abyss:3  | Gained mutation: Your spells are a little easier to cast,
                  | but a little less powerful. [a neqoxec]
 59885 | Abyss:3  | Reached XP level 27. HP: 211/211 MP: 8/8
 59913 | Abyss:3  | Lost mutation: Your mind is acute. (Int +2) [a neqoxec]
 60227 | Abyss:3  | Found an ornate altar of the Wu Jian Council.
 60507 | Abyss:3  | Found a corrupted altar of Lugonu.
 61306 | Abyss:4  | Gained mutation: You occasionally shout uncontrollably at
                  | your foes. [a neqoxec]
 61311 | Abyss:4  | Gained mutation: Your magical capacity is low. (-10% MP) [a
                  | neqoxec]
 61396 | Abyss:4  | Reached skill level 15 in Invocations
 61428 | Abyss:4  | Reached skill level 23 in Shields
 61924 | Abyss:4  | Gained mutation: Your body sometimes deteriorates upon
                  | taking damage. [a neqoxec]
 61962 | Abyss:4  | Noticed a dread lich
 62512 | Abyss:4  | Got an abyssal rune of Zot
 62537 | Depths:1 | Escaped the Abyss
 63026 | Orc:2    | Bought a manual of Armour for 1876 gold pieces
 63244 | Elf:3    | Lost mutation: Your magical capacity is low. (-10% MP)
                  | [potion of mutation]
 63244 | Elf:3    | Lost mutation: Your body sometimes deteriorates upon taking
                  | damage. [potion of mutation]
 63244 | Elf:3    | Lost mutation: You are weak. (Str -2) [potion of mutation]
 63244 | Elf:3    | Gained mutation: Your magical capacity is low. (-10% MP)
                  | [potion of mutation]
 63245 | Elf:3    | Lost mutation: Your spells are a little easier to cast, but
                  | a little less powerful. [potion of mutation]
 63245 | Elf:3    | Lost mutation: Your magical capacity is low. (-10% MP)
                  | [potion of mutation]
 63245 | Elf:3    | Gained mutation: Your spells are a little harder to cast,
                  | but a little more powerful. [potion of mutation]
 63245 | Elf:3    | Gained mutation: You tend to lose your temper in combat.
                  | [potion of mutation]
 63245 | Elf:3    | Gained mutation: Your spells are harder to cast, but more
                  | powerful. [potion of mutation]
 63246 | Elf:3    | Lost mutation: You are very frail. (-20% HP) [potion of
                  | mutation]
 63246 | Elf:3    | Lost mutation: Your spells are harder to cast, but more
                  | powerful. [potion of mutation]
 63246 | Elf:3    | Gained mutation: You are partially covered in iridescent
                  | scales. (AC +2) [potion of mutation]
 63246 | Elf:3    | Gained mutation: You are agile. (Dex +2) [potion of
                  | mutation]
 63594 | Pan      | Entered Pandemonium
 64123 | Pan      | Noticed Yticud the pandemonium lord
 64147 | Pan      | Killed Yticud the pandemonium lord
 64461 | Pan      | Found a transporter.
 64511 | Pan      | Gained mutation: You are very frail. (-20% HP) [a
                  | cacodemon]
 64581 | Pan      | Found a transporter.
 64609 | Pan      | Identified the +9 hunting sling of Law {vorpal, Int+4}
 64628 | Pan      | Identified the +9 quarterstaff "Kitout" {spect, rPois rN+
                  | Will+}
 64631 | Pan      | Identified the +2 pair of gloves "Elaujauwku" {*Corrode
                  | Drain Int+5 Slay+3}
 64643 | Pan      | Identified the ring "Buzoxoetay" {rC+ Will+ Int+3}
 65938 | Pan      | Noticed Quhie the pandemonium lord
 66057 | Pan      | Killed Quhie the pandemonium lord
 66205 | Pan      | Got a demonic rune of Zot
 66844 | Pan      | Entered the realm of Gloorx Vloq.
 66905 | Pan      | Reached skill level 24 in Shields
 66930 | Pan      | Noticed Gloorx Vloq
 67242 | Pan      | Killed Gloorx Vloq
 67252 | Pan      | Got a dark rune of Zot
 67839 | Pan      | Entered the realm of Mnoleg.
 67846 | Pan      | Gained mutation: Armour fits poorly on your strangely
                  | shaped body. [a cacodemon]
 67879 | Pan      | Gained mutation: You are occasionally teleported next to
                  | monsters. [a cacodemon]
 67882 | Pan      | Lost mutation: You are agile. (Dex +2) [a shining eye]
 67889 | Pan      | Gained mutation: You frequently scream uncontrollably at
                  | your foes. [a neqoxec]
 68420 | Pan      | Noticed Mnoleg
 68420 | Pan      | Gained mutation: You are dopey. (Int -2) [a shining eye]
 68425 | Pan      | Gained mutation: Your magical capacity is low. (-10% MP) [a
                  | neqoxec]
 68432 | Pan      | Gained mutation: You sometimes lose the ability to read
                  | scrolls when taking damage. [a shining eye]
 68441 | Pan      | Gained mutation: Your magical capacity is very low. (-20%
                  | MP) [a neqoxec]
 68443 | Pan      | Gained mutation: You are very dopey. (Int -4) [a neqoxec]
 68446 | Pan      | Killed Mnoleg
 68507 | Pan      | Got a glowing rune of Zot
 68559 | Pan      | Identified the +4 rapier of the Establishment {protect,
                  | rPois Str+4}
 68652 | Pan      | Gained mutation: You often lose your temper in combat. [a
                  | neqoxec]
 68803 | Pan      | Found a huge runed translucent gate.
 69096 | Pan      | Entered the realm of Lom Lobon.
 69598 | Pan      | Reached skill level 25 in Shields
 69605 | Pan      | Noticed Lom Lobon
 69631 | Pan      | HP: 5/212 [Lom Lobon/great icy blast (38)]
 69639 | Pan      | HP: 2/212 [something (3)]
 69702 | Pan      | Killed Lom Lobon
 69725 | Pan      | Got a magical rune of Zot
 69900 | Pan      | Entered the realm of Cerebov.
 69930 | Pan      | Identified the +1 plate armour "Maqeran" {Harm}
 70132 | Pan      | Found an exit through the horrors of the Abyss.
 70314 | Pan      | HP: 10/212 [Brimstone Fiend/damnation (51)]
 70348 | Pan      | HP: 9/212 [Brimstone Fiend/damnation (19)]
 70349 | Pan      | Identified the amulet of Qaohiuc {Spirit Will+ Int+5}
 70377 | Pan      | Identified the +5 mace of Hospitality {vorpal, rN+ Str+4
                  | Dex-3}
 70653 | Pan      | Identified the ring of Midghuosu {Ice rPois Int+4}
 70656 | Pan      | Identified the ring of Hoilui {Fly rElec}
 70758 | Pan      | Identified the +9 halberd of Reason {venom, Drain rF+
                  | Will+}
 70779 | Pan      | Identified the +3 ring mail "Qyhif" {rN+ Regen+ Dex-5 SInv}
 70788 | Pan      | Found the +6 sword of Cerebov {flame}
 70788 | Pan      | Noticed Cerebov
 70827 | Pan      | Killed Cerebov
 70849 | Pan      | Identified the +0 hand axe of the Toadstool {freeze, rF+}
 70862 | Pan      | Got a fiery rune of Zot
 70869 | Pan      | Identified the ring of Lucidity {rF+ Int+6 Dex+3}
 70965 | Pan      | Took an exit into the Abyss.
 70965 | Abyss:1  | Escaped into the Abyss
 71055 | Abyss:1  | Identified the +1 leather armour of the Devil's Team
                  | {Contam Regen+ Str+4}
 71121 | Depths:3 | Escaped the Abyss
 71792 | Crypt:1  | Entered Level 1 of the Crypt
 72474 | Hell     | Entered the Vestibule of Hell
 72474 | Hell     | Noticed Geryon
 72488 | Hell     | Reached skill level 5 in Air Magic
 72696 | Hell     | Killed Geryon
 72719 | Hell     | Noticed Murray
 72751 | Hell     | Killed Murray
 72801 | Hell     | Found a gateway to the freezing wastes of Cocytus.
 72840 | Coc:1    | Entered Level 1 of Cocytus
 73012 | Coc:1    | You fall into a shaft and drop 1 floor!
 73040 | Coc:2    | Reached skill level 15 in Spellcasting
 74076 | Coc:7    | Entered Level 7 of Cocytus
 74118 | Coc:7    | Noticed the Serpent of Hell
 74160 | Coc:7    | HP: 8/214 [blizzard demon/the air (8)]
 74160 | Coc:7    | Mangled by the Serpent of Hell

Illustrated notes

Levels and vault maps discovered:
D:1:      zelgadis_glass_arrival_small, layout_basic
D:2:      layout_loops_ring
D:3:      layout_loops_ring, okawaru_trees_1, tso_altar,
          shapermc_ecumenical_altar_mp_highgroup, gammafunk_ghost_nasty_kobolds,
          minivault_23, uniq_grinder, uniq_terence, uniq_crazy_yiuf_cottage
D:4:      layout_rooms, nicolae_ashenzari_skybound,
          nicolae_overflow_crystal_walls, amcnicky_altar_gilded,
          hangedman_decor_diamond_cutter, minmay_mini_ossuary, uniq_menkaure
D:5:      layout_loops_ring, nemelex_diamond_rough_becter, doesnt_xom_only_xom,
          slow_altar_1, elyvilon_altar_1, gammafunk_ghost_split,
          minmay_misc_feat_more_columns, doesnt_shop_hydraphobe, uniq_edmund,
          uniq_duvessa
D:6:      layout_basic, minmay_liquid_box
D:7:      layout_layer_cave, kennysheep_mini_moat, temple_fountains,
          nrook_campfire
D:8:      layout_cave_pods, kennysheep_another_room, dk_vineyard_2
D:9:      layout_basic
D:10:     layout_basic, lemuel_tele_altar,
          nicolae_gozag_cash_rules_everything_around_me, vehumet_altar_wand_db
D:11:     layout_basic, lair_entry_dummy, chequers_big_river,
          kennysheep_cross_room, nicolae_wwwww
D:12:     layout_gridville, orc_0_dummy, gauntlet_entry_generic,
          nicolae_qazlal_general_emergency
D:13:     minmay_the_grid_3x3 [minmay_the_grid_garden, minmay_the_grid_all_tris,
          minmay_the_grid_tiny_cups, minmay_the_grid_stretched_grid,
          minmay_the_grid_expand, minmay_the_grid_diamond_grid,
          minmay_the_grid_empty, minmay_the_grid_aliased_spiral,
          minmay_the_grid_prize_trominoes], layout_basic,
          hangedman_vaults_entry_quadrant_bands, serial_shops,
          kennysheep_little_box, shop, shop, shop, nicolae_shop_behind_doors,
          serial_rivers, chequers_serial_rivers_small_b,
          chequers_serial_rivers_small_3, enter_bailey_4, uniq_erolcha,
          uniq_nessos, uniq_kirke, uniq_maurice
D:14:     layout_loops_cross, grunt_ministairs_3
D:15:     grunt_enter_depths_snipers, layout_irregular_city,
          hangedman_abyss_or_decor_passed, bloody_makhleb, uniq_rupert
Temple:   corrupted_temple
Lair:1:   layout_small_grid, lemuel_fruit_fields, minmay_lair_oklob_chamber
Lair:2:   layout_cave_shapes, minmay_shoals_entry_centaurs,
          minmay_snake_entry_guardpost_small, grunt_megastairs_2,
          infiniplex_staircase_pool
Lair:3:   layout_cave_pods, uniq_sonja
Lair:4:   layout_regular_city
Lair:5:   layout_long_grid, slime_dummy, grunt_megastairs_5
Lair:6:   evil_forest, layout_regular_city, serial_bayou_pond_b
Shoals:1: layout_shoals, regret_index_shoals_crete
Shoals:2: layout_shoals
Shoals:3: layout_shoals, abandoned_shop, nicolae_alphabet_shops,
          nicolae_shoals_kraken_party, uniq_aizul, uniq_jorgrun
Shoals:4: shoals_end_simple, layout_shoals, serial_shops, bzr_entry_dummy,
          uniq_polyphemus
Snake:1:  hangedman_cross_veins, layout_misc_corridors, lemuel_fruit_tree,
          uniq_agnes
Snake:2:  layout_chambers, serial_shops, shop, minmay_shop_star,
          grunt_megastairs_1
Snake:3:  layout_grid_maze, serial_shops, shop
Snake:4:  snake_pit_salamanders_mu, layout_rooms, gammafunk_ghost_cemetery,
          uniq_donald, uniq_mara, uniq_saint_roka, uniq_vashnia
Slime:1:  nicolae_slime_pool, layout_caves, cheibrodos_slime_lost_civilization_4
Slime:2:  layout_caves
Slime:3:  layout_caves
Slime:4:  layout_caves
Slime:5
Orc:1:    layout_caves, serial_shops, shop_coins
Orc:2:    grunt_orc_gardens, layout_caves, grunt_orc_garden, grunt_orc_garden,
          grunt_orc_garden, grunt_orc_garden, serial_shops, shop
Elf:1:    layout_loops_corners, minmay_elf_sorcery, uniq_azrael, uniq_asterion
Elf:2:    layout_onion_city, guppyfry_elf_castle
Elf:3:    minmay_elf_hall_statues, layout_geoelf_castle, serial_shops,
          shop_fountains, shop, shop, shop_statue, shop_fountains, uniq_louise
Vaults:1: nicolae_vaults_triangles, hangedman_vaults_stretched_pinwheel,
          vaults_mumra_chevron_long, v_rooms_3, ontoclasm_vaults_spin,
          v_pattern_2, hangedman_vaults_stagger, grunt_vaults_twisty,
          nicolae_vaults_little_squares_4, nicolae_vaults_diagonal_hallway_8,
          layout_vaults_omnicross
Vaults:2: v_misc_33, nicolae_vaults_ninety_degrees, v_rooms_6,
          grunt_vaults_hallway_short, v_misc_18, v_misc_13,
          vaults_standard_mumra_enter_the_diamond, v_misc_28, v_misc_17,
          st_cells, layout_vaults_quadrants, serial_shops, shop, uniq_boris
Vaults:3: v_misc_14, nicolae_vaults_yaktaur_gun_rack,
          nicolae_vaults_network_barrier, ontoclasm_vaults_ligature,
          minmay_crypt_entry_simple_round, v_misc_5, v_misc_13, v_misc_22,
          nicolae_vaults_what_the_h, ontoclasm_vaults_ring_large,
          nicolae_vaults_theta, layout_vaults_ring, uniq_jory
Vaults:4: hangedman_vaults_impose, dpeg_vaults_monster_row, v_alt_pattern_1,
          hangedman_vaults_locks, st_lattice, nicolae_vaults_ring_of_whatevers,
          nicolae_vaults_circle_grid_b, ontoclasm_vaults_misaligned,
          ontoclasm_vaults_twist, v_alt_pattern_4, v_pattern_5, v_misc_10,
          layout_vaults_maze, serial_shops, shop, nicolae_shop_waterfront,
          nicolae_shop_trees, nicolae_shop_waterfront, nicolae_shop_behind_doors
Vaults:5: serial_shops, uniq_bai_suzhen
Crypt:1:  layout_regular_city
Depths:1: layout_cave_pools, grunt_metal_band, hangedman_abyss_entry_splay,
          chequers_serial_rivers_marsh, enter_trove_6, zin_purify
Depths:2: kennysheep_scales, layout_gridlike, minmay_misc_feat_four_crosses,
          pf_hell_entry_great_geh, special_room [special_room_mythical_zoo],
          st_stairs_6, lemuel_flamethrower_hall
Depths:3: minmay_polygon_palace, layout_cave_pools, enter_ziggurat_e,
          serial_shops, shop_fountains, hell_entry, grunt_pan_entry_in_and_out,
          serial_bayou_lagoon_b, infiniplex_staircase_trident
Depths:4: ragdoll_tomb_raider, layout_basic, hell_entry, minmay_room_of_horrors,
          dk_noncrumbling_4, minivault_10, kennysheep_decorative_pillar,
          serial_bayou_lagoon_a, minmay_staircase_bubble, uniq_mennas
Depths:5: evilmike_zot_entry_basic, layout_basic, pan_entry,
          grunt_hell_entry_dis_grunt, solitary_fountain, lemuel_old_faithful,
          serial_bayou_shore_a, minmay_shop_grove, uniq_enchantress
Hell
Coc:1:    layout_cocytus_water_paths
Coc:2:    layout_cocytus_water_paths, lemuel_elevator
Coc:3:    layout_cocytus_water_paths
Coc:4:    layout_cocytus_water_paths, hangedman_feature_mirror
Coc:5:    grunt_deathspiral_small, layout_ice_bergs
Coc:6:    layout_ice_bergs
Coc:7:    coc_dpeg

Skill      XL: |  1  2  3  4  5  6  7  8  9 10 11 12 13 14 15 16 17 18 19 20 21 22 23 24 25 26 27 |
---------------+----------------------------------------------------------------------------------+-----
Maces & Flails | 3 4 5 7 8 9 10 11 12 13 14 15 17 19 20 21 | 21.0
Fighting       | 3 4 5 7 8 9 10 11 12 13 14 15 16 18 20 | 20.0
Dodging        | 1 3 4 5 7 9 10 11 12 13 14 15 16 17 19 | 19.2
Armour         | 4 5 6 7 9 10 11 12 13 14 15 16 17 22 | 22.0
Shields        | 4 5 7 8 10 11 12 13 14 15 16 17 18 19 20 21 22 25 | 25.0
Stealth        | 1 2 |  2.0
Evocations     | 3 5 9 10 11 12 14 15 16 17 20 23 | 23.0
Spellcasting   | 1 2 5 6 7 8 9 10 16 | 16.0
Translocations | 3 7 10 | 10.0
Hexes          | 2 5 8 9 10 12 13 | 13.0
Earth Magic    | 5 |  5.0
Necromancy     | 5 6 10 | 10.0
Air Magic      | 2 3 7 |  7.6
Invocations    | 4 10 12 18 | 18.0

Action                   |  1- 3 |  4- 6 |  7- 9 | 10-12 | 13-15 | 16-18 | 19-21 | 22-24 | 25-27 || total
-------------------------+-------+-------+-------+-------+-------+-------+-------+-------+-------++-------
Melee: Flail             |    87 |   154 |   190 |   187 |       |       |       |       |       ||   618
       Mace              |       |    20 |   233 |       |       |       |       |       |       ||   253
       Demon whip        |       |       |       |   341 |  1065 |  1658 |  2524 |  2657 |  4023 || 12268
       Eveningstar       |       |       |       |       |       |       |       |       |  2280 ||  2280
       Unarmed           |       |       |       |       |       |       |       |       |     1 ||     1
 Fire: Hunting sling     |       |    11 |     1 |       |       |       |       |       |       ||    12
Throw: Dart              |     4 |     9 |     4 |    32 |       |       |       |       |       ||    49
 Cast: Blink             |       |       |       |       |       |       |     3 |     4 |    17 ||    24
       Gell's Gravitas   |       |       |       |       |       |       |       |     2 |       ||     2
       Vampiric Draining |       |       |       |       |       |       |       |       |     8 ||     8
       Swiftness         |       |       |       |       |       |       |       |       |     1 ||     1
Invok: Renounce Religion |       |       |       |     1 |       |       |       |       |       ||     1
       Greater Servant o |       |       |       |       |       |       |       |       |     3 ||     3
 Abil: Heal Wounds       |       |     6 |    13 |    17 |     8 |    12 |    13 |     6 |    45 ||   120
Evoke: Wand              |       |       |     1 |    11 |     1 |     6 |     2 |       |    30 ||    51
       Tin of tremorston |       |       |       |       |       |     4 |     7 |     5 |    31 ||    47
       Phial of floods   |       |       |       |       |       |     1 |       |     1 |     6 ||     8
       Phantom mirror    |       |       |       |       |       |       |     2 |     1 |     8 ||    11
       Condenser vane    |       |       |       |       |       |       |       |     1 |     8 ||     9
       Box of beasts     |       |       |       |       |       |       |       |     1 |     9 ||    10
       Lightning rod     |       |       |       |       |       |       |       |       |     2 ||     2
  Use: Scroll            |       |     5 |     5 |    12 |     6 |    14 |     6 |     4 |    22 ||    74
       Potion            |       |       |     2 |     2 |     3 |     4 |     4 |     8 |    72 ||    95
 Stab: Paralysed         |       |       |     3 |     1 |       |     8 |       |       |       ||    12
       Petrified         |       |       |       |       |       |     4 |     4 |       |       ||     8
       Petrifying        |       |       |       |       |       |     1 |     5 |       |       ||     6
       Sleeping          |       |       |       |       |       |       |       |    23 |     9 ||    32
       Distracted        |       |       |       |       |       |       |       |     1 |    83 ||    84
       Invisible         |       |       |       |       |       |       |       |       |     5 ||     5
Armor: Scale mail        |    38 |    47 |   114 |    79 |    49 |       |       |       |       ||   327
       Plate armour      |       |     7 |    10 |       |   102 |   238 |   238 |       |   973 ||  1568
       Chain mail        |       |       |       |       |       |       |   192 |    71 |       ||   263
       Acid dragon scale |       |       |       |       |       |       |       |   217 |   377 ||   594
Dodge: Dodged            |    17 |    37 |   120 |   148 |   208 |   374 |   748 |   911 |  2777 ||  5340
Block: Tower shield      |    34 |       |       |       |       |       |       |       |       ||    34
       Kite shield       |    23 |    68 |   280 |   410 |   839 |  1345 |  1970 |  2296 |  6566 || 13797
       Reflection        |       |       |       |    26 |    58 |   158 |    61 |   110 |   103 ||   516
       Other             |       |       |       |       |       |    40 |       |       |     2 ||    42

Table legend: (Time is in decaauts)
 A = Elapsed time spent in this place.
 B = Non-inter-level travel time spent in this place.
 C = Inter-level travel time spent in this place.
 D = Time resting spent in this place.
 E = Time spent auto-exploring this place.
 F = Levels seen in this place.
 G = Mean time per level.
                   A        B        C        D        E       F      G
               +--------+--------+--------+--------+--------+-----+--------+
         Total |  68391 |  60773 |   7618 |   2326 |  31254 |  80 |  854.9 |
       Dungeon |  16213 |  13896 |   2317 |    100 |   7999 |  15 | 1080.9 |
        Temple |     54 |     47 |      7 |      0 |     30 |   1 |   54.0 |
          Lair |   5787 |   4974 |    813 |     23 |   3485 |   6 |  964.5 |
        Shoals |   3278 |   2987 |    291 |      8 |   1565 |   4 |  819.5 |
     Snake Pit |   5542 |   4727 |    815 |     10 |   3199 |   4 | 1385.5 |
    Slime Pits |   3570 |   3409 |    161 |    887 |   1456 |   5 |  714.0 |
  Orcish Mines |   1580 |   1370 |    210 |      3 |    845 |   2 |  790.0 |
   Elven Halls |   3977 |   3166 |    811 |      0 |   2210 |   3 | 1325.7 |
        Vaults |   6462 |   5460 |   1002 |      0 |   3850 |   5 | 1292.4 |
         Crypt |    431 |    384 |     47 |      0 |    148 |   1 |  431.0 |
        Depths |   7396 |   6312 |   1084 |    702 |   3399 |   5 | 1479.2 |
          Hell |    293 |    293 |      0 |      0 |     14 |   1 |  293.0 |
       Cocytus |   1230 |   1172 |     58 |     14 |     83 |   7 |  175.7 |
         Abyss |   4672 |   4672 |      0 |     70 |    333 |   7 |  667.4 |
   Pandemonium |   6950 |   6950 |      0 |    508 |   2343 |  10 |  695.0 |
        Bazaar |     61 |     61 |      0 |      0 |      0 |   1 |   61.0 |
         Trove |     64 |     64 |      0 |      0 |      0 |   1 |   64.0 |
        Bailey |    387 |    387 |      0 |      0 |     94 |   1 |  387.0 |
      Gauntlet |    436 |    436 |      0 |      0 |    199 |   1 |  436.0 |
               +--------+--------+--------+--------+--------+-----+--------+

Top non-repeatable levels by time:
 Abyss:3: 2188 daAuts
    D:13: 2132 daAuts
   Elf:3: 1683 daAuts
Depths:5: 1682 daAuts
 Snake:4: 1642 daAuts
 Snake:3: 1535 daAuts
Depths:1: 1518 daAuts
Vaults:2: 1516 daAuts
Depths:3: 1495 daAuts
 Snake:2: 1492 daAuts
    D:11: 1441 daAuts
     D:3: 1436 daAuts
Depths:2: 1399 daAuts
 Abyss:4: 1307 daAuts
Depths:4: 1300 daAuts
